← All builds
Geo / Armada / Economy first / OBSERVED BUILD

Nuke rush

Armada Geo build order · Supreme Isthmus

Geo commits to building an Armageddon nuke launcher from around 7:58, far earlier than usual, aiming the nuke at the enemy base while the team holds the front; transitions back to standard T2 play afterward.

Usually blows up the commander for T2 (77%)

#nuke · 31 distinct matches · 8 players · 1% of Armada Geo games · team won 68% of 31 · Recently observed

THE CATCH, AND WHAT COMES WITH IT
  • ArmageddonArmageddon from 7:48 · 1% of role by thenOnly 1% of Geo games have it by then; others who build it get it around 8:05
  • Aircraft PlantAircraft Plant in 52%20% of all Geo games by then

Where those units first fight, in 22 games with kill data: in the enemy base 82%, in the middle 14%.

Those units destroy a typical 9,310 metal of enemy units by 15:00.

Then transitions into blitz (10% of army).

HOW TO PLAY IT

Key timing: Armageddon by 10:00

  1. Run the standard Geo eco opening into geothermal power.
  2. Commit to the Armageddon nuke silo far earlier than usual.
  3. Finish the silo, aimed at the enemy base, and keep it protected.
  4. Build a Vehicle Plant alongside for ground support units.
  5. Stockpile the missile while fielding Starlights for the front.

Phase by phase

TYPICAL OF ITS 31 GAMES · AGAINST STANDARD GEO
  1. 1
  2. 2
  3. 3
  4. 4
  5. 5
PLAY THE OPENING

Follow the example game's first 8:48 step by step: what to build now, what comes next, and where it goes. At 1× it keeps pace with your own game.

  1. 1

    Up to the Bot Lab

    Economy
    • Metal Extractor3Mex
    • Wind Turbine4Wind
    Order
    1. Bot LabBot Lab after 3 mex, 4 winddone ~1:21, middle half 1:13–1:24

    By 1:04 in all: 3 mex · 4 wind

    The example game in this phase · 7 steps
    1. Mex ×2
    2. Wind
    3. SentrySentry
    4. Mex
    5. Wind ×3
    6. Energy storage
    7. Bot LabBot Labdone 1:44 · typical 1:21
  2. 2

    Bot Lab to 5:00

    Economy
    • Metal Extractor1Mex
    • Wind Turbine2Wind
    • Energy Converter9Converter
    • Energy Storage1Energy storage
    Order
    1. Geothermal PowerplantGeo after 4 mex, 4 wind
    2. Bot LabEat Bot Lab
    Builders
    • Construction Turret6 Con turret
    • Lazarus4 Lazarus
    • Construction Bot2 Con bot
    • Construction Bot1 Con bot for allies
    • Lazarus1 Lazarus for allies

    By 5:00 in all: 4 mex · 6 wind · 1 geo · 9 converter · 1 energy storage · 6 con turret

    The example game in this phase · 30 steps
    1. Construction BotCon botfor Beach sea
    2. LazarusLazarus ×3
    3. Construction BotCon bot
    4. LazarusLazarus
    5. Mex
    6. LazarusLazarusfor Beach sea
    7. Geothermal PowerplantGeodone 3:26 · typical 3:29
    8. LazarusLazarus
    9. Construction BotCon bot
    10. Con turret
    11. Bot LabEat Bot Labreclaimed for its metal
    12. Con turret ×3
    13. Converter ×2
    14. Wind
    15. Converter
    16. Wind
    17. Con turret
    18. Converter
    19. Wind
    20. Converter ×2
    21. Wind
    22. Converter ×2
    23. Wind
    24. Con turret
    25. Converter
    26. Wind
    27. Converter
    28. Con turret
    29. Converter ×3
    30. Radar TowerRadar Tower
  3. 3

    5:00 to Nuke silo

    Economy
    • Wind Turbine12Wind+11 vs standard
    • Energy Converter6Converter+3 vs standard
    Order
    1. Advanced Geothermal PowerplantAdvanced Geothermal Powerplant after 13 wind, 10 converter, 7 con turret
    2. ArmageddonNuke silo after 20 wind, 15 converter, 8 con turretdone ~9:59, middle half 9:27–10:33
    Builders
    • Construction Turret2 Con turret
    Other
    • Radar Tower1 Radar Tower

    Some games also: Sentry (35%)

    By 7:48 in all: 4 mex · 20 wind (standard 10) · 1 geo · 1 Advanced Geothermal Powerplant · 15 converter · 1 energy storage

    The example game in this phase · 17 steps
    1. Converter
    2. Advanced Metal ExtractorT2 mexdone 5:20 · typical 5:45
    3. Converter
    4. Advanced Metal ExtractorT2 mex
    5. SentrySentry
    6. Converter
    7. Advanced Metal ExtractorT2 mex
    8. Converter
    9. Advanced Metal ExtractorT2 mex
    10. Wind ×2
    11. SentrySentry
    12. Wind
    13. Advanced Geothermal PowerplantAdvanced Geothermal Powerplantdone 6:45 · typical 7:15
    14. SentrySentry
    15. Wind ×2
    16. SentrySentry
    17. ArmageddonArmageddondone 9:18 · typical 9:59
  4. 4

    Nuke silo to Aircraft Plant

    Economy
    • Wind Turbine1Wind−2 vs standard
    Order
    1. Aircraft PlantAircraft Plant after 21 wind, 13 converter, 8 con turretdone ~9:56, middle half 8:41–11:17

    Some games also: converter (45%) · con turret (42%)

    The standard build makes here, this one skips: 2 converter · 2 Starlight

    By 9:51 in all: 4 mex · 26 wind (standard 17) · 1 geo · 1 Advanced Geothermal Powerplant · 18 converter · 1 energy storage

    The example game in this phase · 6 steps
    1. Wind ×14
    2. Energy storage
    3. Wind ×3
    4. Energy storage
    5. Wind ×7
    6. Vehicle PlantVehicle Plantdone 10:03 · typical 10:03
  5. 5

    Aircraft Plant to 15:00

    Economy
    • Wind Turbine13Wind
    Order
    1. Vehicle PlantEat Vehicle Plant in 65% of games

    Some games also: con turret (45%) · converter (45%) · Vehicle Plant (35%) · blitz (32%) · Chainsaw (32%) · eat Aircraft Plant (48%)

    The standard build makes here, this one skips: 5 Jaguar · 2 Starlight

    By 15:00 in all: 4 mex · 45 wind · 1 geo · 1 Advanced Geothermal Powerplant · 20 converter · 1 energy storage

    The example game in this phase · 87 steps
    1. Wind
    2. BlitzBlitz
    3. Wind ×2
    4. BlitzBlitz
    5. Wind ×2
    6. BlitzBlitz
    7. Wind
    8. BlitzBlitz
    9. Wind ×2
    10. BlitzBlitz
    11. Wind
    12. BlitzBlitz
    13. Wind ×2
    14. BlitzBlitz
    15. Wind ×2
    16. BlitzBlitz
    17. Wind ×2
    18. Advanced Metal ExtractorT2 mex
    19. BlitzBlitz
    20. Wind ×2
    21. BlitzBlitz
    22. Wind ×2
    23. BlitzBlitz
    24. Wind ×2
    25. BlitzBlitz
    26. Wind
    27. BlitzBlitz
    28. Wind ×2
    29. BlitzBlitz
    30. Wind
    31. BlitzBlitz
    32. Construction VehicleCon vehicle
    33. Wind ×3
    34. Vehicle PlantEat Vehicle Plantreclaimed for its metal
    35. Wind
    36. Advanced Vehicle PlantAdvanced Vehicle Plantdone 11:44
    37. Wind ×4
    38. StarlightStarlightdone 12:02
    39. Wind ×4
    40. StarlightStarlight
    41. Wind ×4
    42. StarlightStarlight
    43. Wind ×2
    44. UmbraJammer
    45. ProphetRadar vehicle
    46. JaguarJaguar
    47. Wind ×2
    48. JaguarJaguar
    49. Wind
    50. BullBullnot finished by 15:00
    51. Wind ×3
    52. MauserMauser
    53. Wind ×2
    54. MauserMauser
    55. Wind ×2
    56. MauserMauser
    57. Wind
    58. MauserMauser
    59. Wind
    60. MauserMauser
    61. Wind
    62. MauserMauser
    63. Wind ×2
    64. Bot LabBot Labdone 13:50
    65. MauserMauser
    66. Wind
    67. MauserMauser
    68. Wind ×2
    69. LazarusLazarus ×2
    70. MauserMauser
    71. JaguarJaguar
    72. Wind
    73. LazarusLazarus
    74. Wind
    75. JaguarJaguar
    76. LazarusLazarus
    77. Wind
    78. JaguarJaguar
    79. Wind
    80. LazarusLazarus
    81. Wind
    82. JaguarJaguar
    83. Wind
    84. LazarusLazarus
    85. Wind ×2
    86. JaguarJaguar
    87. Wind

Counts are medians over the build's games: half of them build more, half fewer. The example game is Viltrum's (41 OS, 12/10/2026); pick another.

Team trades

IN AT LEAST 30% OF ITS GAMES

You hand over

  • Construction Bot1 Con bot to Beach seafirst at 2:21 · in 81% of games
  • Lazarus1 Lazarus to Beach sea or Suicide front or Pondfirst at 2:28 · in 81% of games

You get

  • Advanced Construction Bot1 T2 con bot from Techfirst at 4:56 · in 100% of games
  • Advanced Metal Extractor1 T2 mex from Tech or Beach seafirst at 5:18 · in 35% of games

How it plays out

Typical game of this build against the role’s standard build, running totals by minute

  • This build
  • Standard geo

Metal produced

020k40k
0:005:0010:0015:00

metal

Enemy metal destroyed

05k10k15k
0:005:0010:0015:00

metal

Own metal lost

02k4k6k
0:005:0010:0015:00

metal

31 games.

Show as table
ByMetal produced: This buildMetal produced: Standard geoEnemy metal destroyed: This buildEnemy metal destroyed: Standard geoOwn metal lost: This buildOwn metal lost: Standard geo
1:003843330000
2:009118590000
3:00150115270000
4:00276326700000
5:00376336940000
6:00593156380000
7:00827780260000
8:0011366113460000
9:001448214406043084
10:0017603172800472130198
11:00207382012501745260520
12:0024264229952065361811801605
13:0027278257358475583715402970
14:00307042858912125823919404432
15:003285931360136791017221505586
WHAT THE NUMBERS SAY

Team won clearly more than the standard build, with massive enemy metal destroyed and very low losses.

  • + Enemy metal destroyed by 15:00 nearly 65% higher than standard (17495 vs 10560)
  • + Own metal lost by 15:00 much lower than standard (2480 vs 5977)
  • − Early game nearly inactive, 21 enemy metal destroyed by 10:00 vs 533 standard
  • − Only reaches this timing in 1% of role games, unproven sample
THE EXAMPLE YOU ARE READING

Viltrum

40.8 OS · 12/10/2026

Open source match ↗

4 received units · includes a constructor
1644 metal received · 131153 energy received

Allied construction assistance is unknown. Timings are observations, not a promise of solo reproducibility.

Typical milestones

Bot Lab1:21Middle 50%: 1:13–1:24 · n=31
Geothermal Powerplant3:29Middle 50%: 3:15–3:40 · n=31
Advanced Metal Extractor5:45Middle 50%: 5:32–6:06 · n=31
Advanced Geothermal Powerplant7:15Middle 50%: 7:02–7:40 · n=31
Aircraft Plant9:56Middle 50%: 8:41–11:17 · n=16
Armageddon9:59Middle 50%: 9:27–10:33 · n=27
Vehicle Plant10:03Middle 50%: 8:26–10:38 · n=23

Played most by

PongoPygmaeus11games of this buildRam_Me_Daddy9games of this buildViltrum4games of this buildGraceful2games of this buildYogaBoy1584972games of this build